 Dungeon Crawl Stone Soup version 0.21.0 (webtiles) character file.

253 HungrySpirit the Ducker (level 5, 0/30 HPs)
             Began as a Deep Elf Artificer on Jan 7, 2018.
             Succumbed to an adder's poison
             ... on level 4 of the Dungeon.
             The game lasted 00:05:55 (3617 turns).

HungrySpirit the Ducker (Deep Elf Artificer)        Turns: 3617, Time: 00:05:56

Health: 0/30       AC:  3    Str: 14    XL:     5   Next: 90%
Magic:  10/10      EV: 14    Int: 17    God:
Gold:   178        SH:  0    Dex: 15    Spells: 8/8 levels left

rFire    . . .     SeeInvis .   p - +2 dagger (freeze)
rCold    . . .     Gourm    .   (no shield)
rNeg     . . .     Faith    .   b - +0 leather armour
rPois    +         Spirit   .   (no helmet)
rElec    .         Reflect  .   (no cloak)
rCorr    .         Harm     .   (no gloves)
MR       .....                  (no boots)
Stlth    +++.......             (no amulet)
HPRegen  0.10/turn              l - ring of stealth
MPRegen  0.12/turn              m - ring of poison resistance

@: mighty, lethally poisoned (0 -> -1)
A: no striking features
a: no special abilities


You were on level 4 of the Dungeon.
You were hungry.

You visited 1 branch of the dungeon, and saw 4 of its levels.

You collected 178 gold pieces.

Inventory:

Hand Weapons
 p - a +2 dagger of freezing (weapon)
Armour
 b - a +0 leather armour (worn)
Jewellery
 j - an uncursed ring of ice
 l - a ring of stealth (left hand)
 m - a ring of poison resistance (right hand)
 o - an uncursed ring of protection from magic
 y - a cursed ring of loudness {unknown}
Wands
 d - a wand of enslavement (15)
 e - a wand of random effects (15)
 z - a wand of polymorph (16)
Scrolls
 c - a scroll of noise {unknown}
 g - a scroll of teleportation {unknown}
 h - a scroll of fear
 i - a scroll of amnesia {unknown}
 k - 5 scrolls of identify {unknown}
 n - a scroll of immolation {unknown}
 q - a scroll of random uselessness {unknown}
 r - a scroll of fog {unknown}
 w - a scroll of enchant armour {unknown}
 C - a scroll of magic mapping {unknown}
Potions
 a - 2 potions of ambrosia
 t - a potion of brilliance
 v - a potion of invisibility
Comestibles
 f - 5 rations
 B - 5 chunks of flesh


   Skills:
 + Level 2.3 Fighting
 * Level 4.0 Short Blades
 + Level 4.1 Dodging
 - Level 1.2 Stealth
 + Level 2.0 Spellcasting
 - Level 3.2 Evocations


You had 8 spell levels left.
You didn't know any spells.

Dungeon Overview and Level Annotations

Branches:
Dungeon (4/15)
 Temple: D:4-7

Altars:
Gozag
Okawaru
Trog

Shops:
D:4 [[

Annotations:
D:4 mopl's ghost, novice TeSk


Message History

You feel a little less clever now.
* * * LOW HITPOINT WARNING * * *
You feel sick. The adder closely misses you.
Your unstable footing causes you to fumble your attack.
The adder closely misses you.
You puncture the adder! You freeze the adder.
You kill the adder!
Your Spellcasting skill increases to level 2!
Okay, then.
Okay, then.
* * * LOW HITPOINT WARNING * * *
You feel sick.
You see here a river rat corpse.
You are feeling hungry.
You see here a rat skeleton.
* * * LOW HITPOINT WARNING * * *
You feel sick.
There is a lethal amount of poison in your body!
Unknown command.
You die...

#######........##...
###...........#
#####.....#.#.#
#≈††#......$$$#
#≈#≈#≈.....$_$
#r#†#≈..###$$$
r≈#≈÷≈≈.# .# .##
##r#≈#≈..###.#.....
≈≈#≈≈≈....@...#
###≈#....####.#
#≈≈≈...# #≈≈....#
###....# ######


There were no monsters in sight!

Vanquished Creatures
  A hound (D:4)
  Jessica (D:2)
  A worker ant (D:2)
  9 adders
  3 river rats (D:4)
  3 worms
  3 dart slugs
  3 leopard geckos
  5 goblins
  4 hobgoblins
  A quokka (D:4)
  8 bats
  5 frilled lizards
  10 kobolds
  6 rats
63 creatures vanquished.

Notes
Turn   | Place    | Note
-------+----------+-------------------------------------------
     0 | D:1      | HungrySpirit the Deep Elf Artificer began the quest for the Orb.
     0 | D:1      | Reached XP level 1. HP: 11/11 MP: 5/5
   118 | D:1      | Reached skill level 1 in Fighting
   671 | D:1      | Reached XP level 2. HP: 13/16 MP: 6/6
  1302 | D:2      | Noticed Jessica
  1304 | D:2      | Killed Jessica
  1304 | D:2      | Reached XP level 3. HP: 20/20 MP: 7/7
  1490 | D:2      | Found an iron altar of Okawaru.
  1663 | D:2      | Reached XP level 4. HP: 26/26 MP: 8/8
  2253 | D:3      | Found a bloodstained altar of Trog.
  2608 | D:3      | Reached XP level 5. HP: 22/30 MP: 9/9
  3074 | D:3      | Reached skill level 1 in Spellcasting
  3393 | D:4      | Noticed mopl's ghost (novice TeSk)
  3436 | D:4      | Found Foxidd Wijyu's Armour Shoppe.
  3436 | D:4      | Found Tavuuwk's Antique Armour Shoppe.
  3514 | D:4      | Found an opulent altar of Gozag.
  3613 | D:4      | HP: 1/30 [poisoned by an adder]
  3617 | D:4      | Succumbed to an adder's poison

Skill      XL: |  1  2  3  4  5 |
---------------+----------------+-----
Fighting       | 1 2 |  2.3
Short Blades   | 2 3 4 |  4.0
Dodging        | 3 4 |  4.1
Spellcasting   | 2 |  2.0
Stealth        | |  1.2
Evocations     | |  3.2

Action                   |  1- 3 |  4- 6 || total
-------------------------+-------+-------++-------
Melee: Short sword       |     7 |       ||     7
       Dagger            |    34 |   179 ||   213
Evoke: Wand              |    12 |     3 ||    15
  Use: Potion            |     2 |     6 ||     8
       Scroll            |       |     1 ||     1
 Stab: Sleeping          |     3 |     3 ||     6
  Eat: Chunk             |     2 |     6 ||     8
Armor: Leather armour    |    12 |    18 ||    30
       Skin              |       |    27 ||    27
Dodge: Dodged            |    50 |   108 ||   158
